Map: 零纪元-天梯版

Players

Demi

  • Race: Zerg Zerg
  • League: Diamond

Maru - Winner!

  • Race: Terran Terran
  • League: Gold

Event: WESG 2018 Grand Finals

VOD

Have the link to the VOD?

Description

Time

  • Played on: March 11, 2019, 6:59 a.m.
  • Length: 6:42

All games in this series

Show
View Real Time Build Order
Export as new Build Order

Demi Zerg 

Build Orders: Hatch First 

Get SALT Encoding   

  12  0:00  Drone  
  13  0:13  Overlord  
  13  0:18  Drone  
  14  0:31  Drone  
  14  0:32  Drone  
  16  0:50  Hatchery  
  16  0:53  Drone  
  16  0:57  Drone  
  16  1:00  Drone  
  18  1:11  Extractor  
  18  1:16  Spawning Pool  
  16  1:19  Drone  
  16  1:22  Drone  
  18  1:30  Drone  
  19  1:42  Drone  
  20  1:51  Drone  
  21  2:03  Queen x2  
  21  2:04  Zergling x4  
  27  2:16  Metabolic Boost  
  27  2:17  Overlord  
  27  2:19  Drone  
  28  2:26  Overlord  
  28  2:38  Queen, Drone  
  28  2:43  Drone x2  
  33  2:46  Drone x2  
  37  2:55  Zergling x2  
  37  2:57  Drone  
  37  3:06  Overlord  
  37  3:08  Drone  
  38  3:14  Drone  
  38  3:15  Drone  
  38  3:18  Drone x4  
  44  3:30  Hatchery  
  44  3:32  Drone  
  44  3:33  Drone  
  45  3:42  Overlord  
  45  3:45  Drone x2  
  45  3:48  Queen  
  47  3:55  Queen  
  49  3:56  Overlord  
  49  3:57  Overlord x2  
  49  4:00  Evolution Chamber  
  51  4:02  Drone  
  51  4:03  Drone x3  
  54  4:14  Drone x2  
  56  4:20  Overlord  
  56  4:21  Zergling x6  
  56  4:24  Queen  
  59  4:27  Zergling x2, Zerg Ground Armor Level 1  
  62  4:32  Queen  
  62  4:35  Zergling x2  
  62  4:36  Zergling x2  
  66  4:43  Queen, Zergling x4  
  70  4:47  Zergling x2  
  71  4:55  Zergling x6  
  71  4:59  Overlord x2  
  73  5:02  Zergling x4  
  75  5:08  Zergling x4  
  75  5:09  Zergling x4  
  75  5:11  Baneling Nest  
  75  5:12  Drone  
  79  5:14  Drone  
  80  5:21  Drone x2  
  82  5:32  Drone x3  
  85  5:37  Lair  
  85  5:38  Drone x4  
  85  5:39  Hatchery  
  85  5:40  Extractor  
  85  5:42  Drone x2, Extractor  
  87  5:43  Evolution Chamber  
  87  5:45  Drone x2  
  87  5:47  Spore Crawler  
  87  5:54  Drone x2  
  88  6:10  Zergling x16  
  88  6:11  Zergling x2  
  86  6:17  Zergling x10  
  90  6:19  Baneling x5  
Show
View Real Time Build Order
Export as new Build Order

Maru Terran - Winner!

Build Orders: Reaper Expand 

Get SALT Encoding   

  12  0:00  SCV  
  13  0:12  SCV  
  14  0:17  Supply Depot  
  14  0:25  SCV  
  15  0:39  SCV  
  15  0:40  Barracks  
  16  0:44  Refinery  
  16  0:51  SCV  
  17  1:03  SCV  
  18  1:15  SCV  
  19  1:27  Reaper, Orbital Command  
  20  1:42  Command Center  
  20  1:53  SCV  
  21  1:57  Barracks  
  21  2:00  Barracks Reactor  
  21  2:05  SCV  
  22  2:11  Supply Depot  
  22  2:17  SCV  
  22  2:18  Refinery  
  23  2:30  Factory  
  23  2:33  SCV  
  24  2:39  Marine x2  
  26  2:44  Barracks Tech Lab  
  26  2:45  SCV  
  27  2:54  Orbital Command  
  27  2:57  Marine x2  
  29  3:01  SCV  
  30  3:08  Stimpack  
  30  3:10  Marine  
  31  3:14  SCV  
  31  3:19  Marine x2  
  34  3:21  Factory Tech Lab  
  34  3:22  SCV  
  35  3:33  Supply Depot, SCV  
  36  3:34  SCV  
  36  3:39  Starport  
  37  3:44  Marine x3, Factory Reactor  
  37  3:48  SCV  
  41  3:49  SCV  
  42  3:58  Supply Depot  
  42  4:00  SCV  
  42  4:02  Marine x2  
  45  4:03  Marine  
  45  4:05  SCV  
  47  4:11  Supply Depot  
  47  4:12  SCV  
  48  4:17  SCV  
  48  4:24  Medivac x2, SCV  
  52  4:25  Marine x3  
  52  4:29  Siege Tank  
  60  4:33  Supply Depot, SCV  
  60  4:36  SCV  
  62  4:43  Marine  
  62  4:45  SCV  
  64  4:46  Supply Depot  
  64  4:48  SCV  
  64  4:50  Marine  
  66  4:57  SCV  
  66  4:58  Barracks  
  67  5:00  SCV  
  67  5:02  Siege Tank  
  67  5:03  Marine x2  
  73  5:07  Engineering Bay, Marine  
  73  5:09  Medivac, SCV  
  77  5:14  Supply Depot  
  77  5:20  Marine x2  
  79  5:25  Marine  
  79  5:26  Supply Depot  
  80  5:38  Marine x2  
  82  5:43  Marine  
  82  5:44  Marine x2  
  85  5:50  Siege Tank  
  85  5:56  Marine x2  
  90  5:58  Supply Depot  
  90  6:01  Marine  
  90  6:02  Marine x2  
  90  6:14  Marine x2  
  90  6:15  SCV  
  90  6:17  Command Center  
  92  6:19  Marine x2  
  92  6:20  Marine  
Tags
 
Add a new tag
Caveats
  • Supply blocks, unpowered buildings, or Contaminate may cause inaccurate times.
  • Supply counts are checked every 10 seconds.